 Dungeon Crawl Stone Soup version 0.16.2-12-gd0ad4c3 (webtiles) character file.

2629 tognito the Cleaver (level 9, -1/81 (83) HPs)
             Began as a Minotaur Berserker on Dec 21, 2015.
             Was a High Priest of Trog.
             Slain by a killer bee (4 damage)
             ... on level 8 of the Dungeon.
             The game lasted 00:26:32 (7078 turns).

tognito the Cleaver (Minotaur Berserker)            Turns: 7078, Time: 00:26:33

HP:   -1/81 (83)    AC: 15    Str: 24 (25) XL:     9   Next: 35%
MP:   4/4           EV:  8    Int:  8      God:    Trog [*****.]
Gold: 385           SH:  0    Dex: 10      Spells: 0 memorised, 8 levels left

rFire  . . .     SeeInvis .     B - +14 plutonium sword {Contam Stlth-}
rCold  . . .     Clarity  .     l - +0 plate armour
rNeg   . . .     SustAb   .     (no shield)
rPois  .         Gourm    .     (helmet restricted)
rElec  .         Spirit   .     z - +0 cloak {MR+}
rCorr  .         Warding  .     (no gloves)
rMut   .         Stasis   .     A - +0 pair of boots
MR     +....                    (no amulet)
Stlth  ..........               (no ring)
                                j - +2 ring of intelligence

@: lethally poisoned (-1 -> -4), somewhat resistant to hostile enchantments,
extremely unstealthy
A: retaliatory headbutt, horns 2, clever 1
a: Burn Spellbooks, Berserk, Trog's Hand, Brothers in Arms, Renounce Religion


You were on level 8 of the Dungeon.
You worshipped Trog.
Trog was extremely pleased with you.
You were not hungry.

You visited 1 branch of the dungeon, and saw 8 of its levels.

You collected 385 gold pieces.

Inventory:

Hand weapons
 a - a +1 hand axe
 b - a +0 shortbow
 m - a +0 hunting sling
 y - a cursed -1 hunting sling
 B - the +14 plutonium sword (weapon) {Contam Stlth-}
   (You found it on level 6 of the Dungeon)

   It causes magical contamination when unequipped.
   It makes you less stealthy.
Missiles
 e - 34 sling bullets
 f - 31 bolts of frost
 g - 150 arrows
 n - 44 bolts
 s - 24 poisoned sling bullets
 u - 8 poisoned tomahawks (quivered)
 v - 23 silver sling bullets
 x - 3 tomahawks
 C - 11 arrows of dispersal
 F - 13 steel bolts
Armour
 l - a +0 plate armour (worn)
 z - a +0 cloak of magic resistance (worn)
 A - a +0 pair of boots (worn)
Jewellery
 j - a +2 ring of intelligence (left hand)
Magical devices
 r - a wand of slowing (33)
 t - a wand of magic darts (48)
 E - a wand of enslavement (10)
Scrolls
 d - 4 scrolls of identify
 k - a scroll of fear
 o - 3 scrolls of remove curse
 p - 2 scrolls of fog
Potions
 i - 5 potions of curing
 q - 2 potions of brilliance
 w - a potion of might
 H - a potion of cancellation {unknown}
Comestibles
 c - 15 bread rations
 D - 2 meat rations
 G - 2 chunks of flesh


   Skills:
 + Level 9.0 Fighting
 * Level 3.0 Long Blades
 - Level 9.3 Axes
 + Level 2.4 Slings
 + Level 2.2 Bows
 + Level 7.0 Armour
 + Level 4.4 Dodging
 - Level 0.8 Stealth


You had 8 spell levels left.
You didn't know any spells.

Dungeon Overview and Level Annotations

Branches:
Dungeon (8/15)             Temple (0/1) D:6
   Lair: D:8-11

Altars:
Ashenzari
Dithmenos
Fedhas
Okawaru
Sif Muna
Trog
Vehumet
Yredelemnul
Zin
The Shining One


Innate Abilities, Weirdness & Mutations

You reflexively headbutt those who attack you in melee.
You have a pair of horns on your head.
Your mind is acute. (Int +2)


Message History

The killer bee stings you but does no damage. x3
The orc warrior hits you from afar with a trident.
* * * LOW HITPOINT WARNING * * *
Your orc hits the orc with a whip. The killer bee barely misses you.
You furiously retaliate!
You headbutt the killer bee. The orc barely misses you.
You furiously retaliate!
You headbutt the orc!
You kill the orc!
Trog accepts your kill. The orc barely misses your orc.
You slice the killer bee!!
You kill the killer bee!
Trog accepts your kill.
Your Fighting skill increases to level 9!
Your Long Blades skill increases to level 3!
* * * LOW HITPOINT WARNING * * *
You feel sick.
The killer bee stings you but does no damage.
The killer bee closely misses you. The orc warrior barely misses you.
The killer bee stings you.
You die...

... #.....# #.....##
#........ . #.........
.... +......... .....
#..o...... #.....
#.o).......
#.....#######+#o@†..#
+................y..#
#...................+
#...................#
##+###..............#
##...+..............#
##...#.................
.#...#.................
.#..)).................


You could see an orc warrior, a killer bee, an orc and a friendly orc.

Vanquished Creatures
  The ghost of dvd the Insei, an average OpMo (D:4)
  A spriggan (D:7)
  Eustachio (D:4)
  A necrophage (D:5)
  A sky beast (D:3)
  A black bear (D:5)
  A phantom (D:6)
  A centaur (D:5)
  An orc warrior (D:6)
  An ice beast (D:6)
  Sigmund (D:7)
  A giant frog (D:6)
  5 killer bees
  5 scorpions (D:5)
  A goliath beetle (D:6)
  A crimson imp (D:7)
  2 hounds (D:6)
  A quasit (D:8)
  3 jellies
  Crazy Yiuf (D:4)
  5 orc priests
  2 orc wizards
  7 worker ants
  A river rat (D:4)
  4 gnolls (D:3)
  4 adders
  6 giant mites
  A white imp (D:4)
  A worm (D:4)
  An adder skeleton (D:4)
  6 giant geckos
  25 orcs
  18 bats
  5 giant cockroaches
  17 goblins
  16 hobgoblins
  A giant gecko skeleton (D:6)
  3 giant newts
  12 jackals
  A jackal skeleton (D:4)
  13 kobolds
  23 rats
  3 fungi (D:5)
206 creatures vanquished.

Vanquished Creatures (others)
  A fungus (D:5)
1 creature vanquished.

Grand Total: 207 creatures vanquished

Notes
Turn   | Place    | Note
--------------------------------------------------------------
     0 | D:1      | tognito, the Minotaur Berserker, began the quest for the Orb.
     0 | D:1      | Reached XP level 1. HP: 19/19 MP: 1/1
   218 | D:1      | Reached skill level 4 in Fighting
   253 | D:1      | Reached XP level 2. HP: 25/27 MP: 1/1
   318 | D:1      | Gained mutation: Your body is slowly deteriorating. [potion of mutation]
   318 | D:1      | Gained mutation: You possess an exceptional clarity of mind. [potion of mutation]
   318 | D:1      | Gained mutation: Your mind is acute. (Int +2) [potion of mutation]
   350 | D:1      | Acquired Trog's second power
   771 | D:1      | Reached XP level 3. HP: 30/34 MP: 2/2
  1528 | D:2      | Reached XP level 4. HP: 16/41 MP: 2/2
  1806 | D:2      | Reached skill level 5 in Fighting
  1814 | D:2      | Found a shadowy altar of Dithmenos.
  2302 | D:3      | Found a deep blue altar of Sif Muna.
  2772 | D:3      | Noticed a sky beast
  2776 | D:3      | Killed a sky beast
  2776 | D:3      | Reached XP level 5. HP: 41/48 MP: 2/2
  3015 | D:3      | Reached skill level 5 in Axes
  3047 | D:3      | Found a basalt altar of Yredelemnul.
  3203 | D:4      | Found a radiant altar of Vehumet.
  3241 | D:4      | Reached skill level 6 in Fighting
  3241 | D:4      | Reached XP level 6. HP: 43/57 MP: 3/3
  3339 | D:4      | Found a shattered altar of Ashenzari.
  3495 | D:4      | Noticed Eustachio
  3495 | D:4      | Noticed dvd's ghost (average OpMo)
  3526 | D:4      | Killed dvd's ghost
  3538 | D:4      | Killed Eustachio
  3538 | D:4      | Reached XP level 7. HP: 32/64 MP: 3/3
  3708 | D:4      | Found a glowing golden altar of the Shining One.
  3719 | D:4      | Acquired Trog's third power
  3783 | D:4      | Found a blossoming altar of Fedhas.
  3885 | D:4      | Noticed Crazy Yiuf
  3891 | D:4      | Killed Crazy Yiuf
  3891 | D:4      | Reached skill level 5 in Armour
  4121 | D:4      | Received a gift from Trog
  4347 | D:5      | Entered Level 5 of the Dungeon
  4353 | D:5      | Reached skill level 1 in Slings
  4524 | D:5      | Reached skill level 7 in Fighting
  4526 | D:5      | Reached XP level 8. HP: 63/71 MP: 3/3
  5395 | D:5      | Received a gift from Trog
  5407 | D:5      | Reached skill level 1 in Bows
  5414 | D:5      | Reached skill level 8 in Axes
  5602 | D:6      | Found a staircase to the Ecumenical Temple.
  5742 | D:6      | Found an iron altar of Okawaru.
  5793 | D:6      | Found a glowing silver altar of Zin.
  5887 | D:6      | Received a gift from Trog
  5980 | D:6      | Reached skill level 9 in Axes
  6086 | D:6      | Reached XP level 9. HP: 77/79 MP: 4/4
  6327 | D:7      | Received a gift from Trog
  6346 | D:7      | Found a bloodstained altar of Trog.
  6388 | D:7      | Reached skill level 1 in Long Blades
  6698 | D:7      | Noticed Sigmund
  6953 | D:7      | Killed Sigmund
  7066 | D:8      | Lost mutation: You possess an exceptional clarity of mind. [potion of cure mutation]
  7066 | D:8      | Lost mutation: Your body is slowly deteriorating. [potion of cure mutation]
  7077 | D:8      | HP: 4/80 [orc warrior/trident (5)]
  7078 | D:8      | Slain by a killer bee

Action                   |  1- 3 |  4- 6 |  7- 9 || total
-------------------------+-------+-------+-------++-------
Melee: Hand axe          |    98 |   111 |   212 ||   421
       Triple sword      |       |       |    71 ||    71
 Fire: Hunting sling     |       |     6 |    18 ||    24
       Shortbow          |       |       |    24 ||    24
Invok: Burn Spellbooks   |       |     1 |     1 ||     2
       Berserk           |       |     1 |       ||     1
Evoke: Wand              |       |       |     2 ||     2
  Use: Potion            |     6 |     3 |     3 ||    12
       Scroll            |       |     2 |    13 ||    15
  Eat: Chunk             |     2 |     6 |    13 ||    21
